Panthers vs Bruins

Created - 21 novembre 2017 at 17:45

Goals
1 2 3 T
Panthers 0 0 0 0
Bruins 0 1 1 2
Shots
1 2 3 T
Panthers 8 12 4 24
Bruins 11 6 9 26

1st period

No Goal

Penalties :
Leon Draisaitl (BOS) for Roughing (Minor) at 7:46

2nd period

1. Bruins , Leon Draisaitl 9 (Mark Streit 4) at 9:15

Penalties :
Jacob Trouba (FLA) for Cross-checking (Minor) at 4:49, Mark Streit (BOS) for Roughing (Minor) at 13:31

3rd period

2. Bruins , Andrew Ladd 4 (Patrice Bergeron 10, Jake Muzzin 10) at 0:32

Penalties :
Blake Wheeler (FLA) for Hooking (Minor) at 8:26, Jacob Trouba (FLA) for Hooking (Minor) at 19:02

Goalie Stats

Marc-Andre Fleury (FLA), 24 saves from 26 shots - (0.923), L, 9-8-4, 60:00 minutes
Carey Price (BOS), 24 saves from 24 shots - (1.000), W, 6-3-1, 60:00 minutes

Players Stats for Panthers

Player Name              G  A  P  +/- PIM S  H  SB GA TA FO     MP     PP MP  PK MP  
------------------------------------------------------------------------------------
Blake Wheeler            0  0  0   0  2   2  0  0  0  0  3/4    16:51   1:30   0:34 
Brian Campbell           0  0  0   0  0   0  0  1  0  0  0/0    16:18   1:30   0:00 
Brooks Orpik             0  0  0   0  0   0  3  2  0  0  0/0    15:44   0:00   0:56 
Danny DeKeyser           0  0  0  -2  0   1  0  1  0  0  0/0    19:48   0:00   2:47 
David Perron             0  0  0  -1  0   4  1  1  0  0  1/1    13:49   0:00   0:54 
Jacob Trouba             0  0  0   0  4   0  5  1  0  0  0/0    22:30   2:28   0:46 
Jesper Fast              0  0  0   0  0   0  1  0  0  0  1/1    10:57   0:00   3:27 
Joe Thornton             0  0  0   0  0   2  0  0  0  0  9/20   16:32   1:30   0:14 
Jori Lehtera             0  0  0  -1  0   0  1  0  0  0  5/7    12:55   0:00   0:00 
Justin Braun             0  0  0  -2  0   1  2  1  0  0  0/0    20:55   1:30   2:24 
Logan Couture            0  0  0  -1  0   4  1  0  0  0  11/20  19:47   2:28   1:25 
Matthew Tkachuk          0  0  0  -1  0   2  0  1  0  0  0/0    12:58   0:00   0:03 
Mikkel Boedker           0  0  0   0  0   1  0  0  0  0  0/0     7:30   0:00   0:00 
Nikolaj Ehlers           0  0  0  -1  0   1  0  0  0  0  1/2    17:24   1:30   0:00 
Patrick Kane             0  0  0  -1  0   0  0  0  0  0  1/2    18:22   2:28   0:00 
Patrik Laine             0  0  0   0  0   5  1  0  0  0  0/0    17:16   2:28   0:00 
T.J. Brodie              0  0  0   0  0   0  1  0  0  0  0/0    24:43   2:28   2:57 
Tanner Kero              0  0  0   0  0   1  0  0  0  0  8/13   10:43   0:00   3:13 

Players Stats for Bruins

Player Name              G  A  P  +/- PIM S  H  SB GA TA FO     MP     PP MP  PK MP  
------------------------------------------------------------------------------------
Andrew Ladd              1  0  1   1  0   2  1  0  0  0  0/3    18:56   2:06   0:00 
Brendan Gallagher        0  0  0   1  0   3  1  0  0  0  0/1    17:23   2:48   0:00 
Carl Soderberg           0  0  0   0  0   0  0  0  0  0  3/9     8:14   0:01   0:00 
Connor Brown             0  0  0   0  0   0  0  1  0  0  0/1    11:30   0:01   0:00 
Corey Perry              0  0  0   1  0   3  0  0  0  0  0/3    19:52   2:06   0:56 
Greg Pateryn             0  0  0   0  0   1  2  1  0  0  0/0    14:16   0:00   0:58 
Jake Guentzel            0  0  0   0  0   5  1  0  0  0  0/1    12:19   0:00   0:50 
Jake Muzzin              0  1  1   1  0   0  0  0  0  0  0/0    25:58   3:06   2:18 
Kevin Fiala              0  0  0   0  0   1  0  0  0  0  0/1     8:49   0:00   0:36 
Leon Draisaitl           1  0  1   1  2   3  1  0  0  0  7/12   18:52   2:48   1:30 
Mark Streit              0  1  1   1  2   0  1  2  0  0  0/0    19:42   1:46   0:42 
Melker Karlsson          0  0  0   0  0   1  0  0  0  0  0/0     8:13   0:00   0:00 
Noah Hanifin             0  0  0   0  0   0  0  0  0  0  0/0    13:21   0:03   0:00 
Patrice Bergeron         0  1  1   1  0   2  0  1  0  0  13/23  21:23   2:07   2:26 
Ryan Spooner             0  0  0   1  0   1  0  1  0  0  0/1    18:05   2:48   0:42 
Shea Weber               0  0  0   1  0   3  1  2  0  0  0/0    26:01   3:09   2:18 
Tomas Plekanec           0  0  0   0  0   1  2  0  0  0  7/15   12:25   0:00   0:56 
Torey Krug               0  0  0   1  0   0  6  0  0  0  0/0    20:41   1:46   1:40 

3 Stars

1 - Carey Price (BOS)
2 - Andrew Ladd (BOS)
3 - Torey Krug (BOS)

Power Play

Panthers - 0 on 2 Attempt(s) - 0.00%
Bruins - 0 on 3 Attempt(s) - 0.00%

Penalty Kill

Panthers - 3 on 3 Attempt(s) - 100.00% - Score 0 goal in Penalty Kill
Bruins - 2 on 2 Attempt(s) - 100.00% - Score 0 goal in Penalty Kill

Team Stat

Panthers - Hits : 16 - Faceoff Wins : 40 - Blocked Shots : 8 - Penalty Minutes : 6
Bruins - Hits : 16 - Faceoff Wins : 30 - Blocked Shots : 8 - Penalty Minutes : 4

Official

Referees : Kyle Rehman and Mike Leggo
Linesman : Shandor Alphonso and Mark Shewchyk

Game Notes

No Game Note

Finance

Level 1 -- Attendance: 5941 (91.40%) -- Ticket Income 653 510 $
Level 2 -- Attendance: 4867 (97.34%) -- Ticket Income 365 025 $
Level 3 -- Attendance: 3039 (86.83%) -- Ticket Income 170 184 $
Level 4 -- Attendance: 1565 (100.00%) -- Ticket Income 62 600 $
Luxury Box -- Attendance: 936 (93.60%) -- Ticket Income 186 264 $
Game was played at the TD Garden.
Total Attendance: 16348 (93.07%)
Total Ticket Income: 1 437 583 $
Other Income: 215 637 $
Total Income: 1 653 220 $

% Time on Ice - Panthers

Lines # - Real PCT - Wanted PCT - Time Play
Normal Forward
1 - 31% - 40% - 15:54
2 - 29% - 30% - 14:48
3 - 25% - 20% - 12:55
4 - 15% - 10% - 7:30
Normal Defense
1 - 37% - 40% - 18:54
2 - 33% - 37% - 17:01
3 - 29% - 23% - 14:48
4 - 1% - 0% - 0:24
PP Forward
1 - 62% - 60% - 2:28
2 - 38% - 40% - 1:30
PP Defense
1 - 62% - 60% - 2:28
2 - 38% - 40% - 1:30
PK Forward
1 - 71% - 60% - 3:30
2 - 29% - 40% - 1:25
PK Defense
1 - 61% - 60% - 3:00
2 - 39% - 40% - 1:55
PK3 Forward
1 - 0% - 60%
2 - 0% - 40%
PK3 Defense
1 - 0% - 60%
2 - 0% - 40%
44 Forward
1 - 0% - 60%
2 - 0% - 40%
44 Defense
1 - 0% - 60%
2 - 0% - 40%
Last Minute Offensive  - 0:00
Last Minute Defensive  - 0:00
Total
Forward - 60:00
Defense - 60:00

% Time on Ice - Bruins

Lines # - Real PCT - Wanted PCT - Time Play
Normal Forward
1 - 33% - 40% - 16:50
2 - 29% - 30% - 14:35
3 - 22% - 20% - 11:29
4 - 16% - 10% - 8:13
Normal Defense
1 - 36% - 40% - 18:33
2 - 34% - 30% - 17:15
3 - 26% - 20% - 13:18
4 - 4% - 10% - 2:01
PP Forward
1 - 43% - 60% - 2:07
2 - 57% - 40% - 2:48
PP Defense
1 - 64% - 60% - 3:09
2 - 36% - 40% - 1:46
PK Forward
1 - 76% - 60% - 3:02
2 - 24% - 40% - 0:56
PK Defense
1 - 58% - 60% - 2:18
2 - 42% - 40% - 1:40
PK3 Forward
1 - 0% - 60%
2 - 0% - 40%
PK3 Defense
1 - 0% - 60%
2 - 0% - 40%
44 Forward
1 - 0% - 60%
2 - 0% - 40%
44 Defense
1 - 0% - 60%
2 - 0% - 40%
Last Minute Offensive  - 0:00
Last Minute Defensive  - 0:00
Total
Forward - 60:00
Defense - 60:00

Play by Play

1st period


0:01 of 1st period - Logan Couture wins face-off versus Patrice Bergeron in neutral zone.
0:16 of 1st period - Icing by T.J. Brodie.
0:17 of 1st period - Leon Draisaitl wins face-off versus Logan Couture in Panthers zone.
1:34 of 1st period - Off-side.
1:35 of 1st period - Patrice Bergeron wins face-off versus Joe Thornton in neutral zone.
1:51 of 1st period - Icing by Justin Braun.
1:52 of 1st period - Joe Thornton wins face-off versus Carl Soderberg in Panthers zone.
2:03 of 1st period - Shot by Joe Thornton.
2:03 of 1st period - Shot Misses the Net.
3:01 of 1st period - Shot by Corey Perry.
3:01 of 1st period - Shot Misses the Net.
3:09 of 1st period - Shot by Andrew Ladd.
3:09 of 1st period - Deflect By Patrice Bergeron.
3:09 of 1st period - Shot Misses the Net.
3:11 of 1st period - Shot by Patrice Bergeron.
3:11 of 1st period - Shot Misses the Net.
3:13 of 1st period - Shot by Patrice Bergeron.
3:13 of 1st period - Shot Misses the Net.
3:42 of 1st period - Brendan Gallagher is hit by Jacob Trouba and loses puck.
4:01 of 1st period - Shot by Tanner Kero.
4:01 of 1st period - Stopped by Carey Price without a rebound.
4:02 of 1st period - Tomas Plekanec wins face-off versus Blake Wheeler in Bruins zone.
4:11 of 1st period - Shot by Jake Guentzel.
4:11 of 1st period - Stopped by Marc-Andre Fleury without a rebound.
4:12 of 1st period - Logan Couture wins face-off versus Tomas Plekanec in Panthers zone.
4:12 of 1st period - Logan Couture is hit by Tomas Plekanec.
4:24 of 1st period - Shot by Patrick Kane.
4:24 of 1st period - Shot Misses the Net.
4:34 of 1st period - Shot by Tomas Plekanec.
4:34 of 1st period - Deflect By Jake Guentzel.
4:34 of 1st period - Stopped by Marc-Andre Fleury with a rebound.
4:58 of 1st period - Shot by Corey Perry.
4:58 of 1st period - Shot Blocked by Justin Braun.
5:09 of 1st period - Off-side.
5:10 of 1st period - Leon Draisaitl wins face-off versus Joe Thornton in neutral zone.
5:22 of 1st period - Ryan Spooner is hit by T.J. Brodie and loses puck.
5:39 of 1st period - Shot by Ryan Spooner.
5:39 of 1st period - Shot Misses the Net.
5:42 of 1st period - Brendan Gallagher is hit by Jacob Trouba and loses puck.
5:55 of 1st period - Shot by Patrice Bergeron.
5:55 of 1st period - Stopped by Marc-Andre Fleury with a rebound.
6:17 of 1st period - Shot by Corey Perry.
6:17 of 1st period - Stopped by Marc-Andre Fleury without a rebound.
6:18 of 1st period - Tanner Kero wins face-off versus Tomas Plekanec in Panthers zone.
6:27 of 1st period - Mikkel Boedker is hit by Jake Guentzel and loses puck.
6:56 of 1st period - Shot by Tomas Plekanec.
6:56 of 1st period - Stopped by Marc-Andre Fleury without a rebound.
6:57 of 1st period - Jori Lehtera wins face-off versus Patrice Bergeron in Panthers zone.
7:26 of 1st period - David Perron is hit by Torey Krug and loses puck.
7:46 of 1st period - Minor Penalty to Leon Draisaitl for Roughing.
7:47 of 1st period - Patrice Bergeron wins face-off versus Logan Couture in Bruins zone.
8:10 of 1st period - Shot by Logan Couture.
8:10 of 1st period - Shot Blocked by Shea Weber.
8:45 of 1st period - Joe Thornton is hit by Torey Krug and loses puck.
9:57 of 1st period - Kevin Fiala is hit by Brooks Orpik and loses puck.
10:51 of 1st period - Shot by Ryan Spooner.
10:51 of 1st period - Shot Misses the Net.
10:53 of 1st period - Shot by Brendan Gallagher.
10:53 of 1st period - Stopped by Marc-Andre Fleury without a rebound.
10:54 of 1st period - Blake Wheeler wins face-off versus Connor Brown in Panthers zone.
11:19 of 1st period - Shot by Jake Guentzel.
11:19 of 1st period - Shot Misses the Net.
11:22 of 1st period - Icing by Joe Thornton.
11:23 of 1st period - Patrice Bergeron wins face-off versus Joe Thornton in Panthers zone.
12:08 of 1st period - Shot by Logan Couture.
12:08 of 1st period - Deflect By Patrick Kane.
12:08 of 1st period - Shot Misses the Net.
12:10 of 1st period - Shot by Logan Couture.
12:10 of 1st period - Stopped by Carey Price with a rebound.
12:12 of 1st period - Shot by Nikolaj Ehlers.
12:12 of 1st period - Shot Blocked by Patrice Bergeron.
12:30 of 1st period - Shot by David Perron.
12:30 of 1st period - Stopped by Carey Price with a rebound.
12:44 of 1st period - Shot by Matthew Tkachuk.
12:44 of 1st period - Stopped by Carey Price with a rebound.
12:46 of 1st period - Shot by David Perron.
12:46 of 1st period - Stopped by Carey Price with a rebound.
13:32 of 1st period - Icing by Shea Weber.
13:33 of 1st period - Leon Draisaitl wins face-off versus Logan Couture in Bruins zone.
13:55 of 1st period - Shot by Leon Draisaitl.
13:55 of 1st period - Stopped by Marc-Andre Fleury with a rebound.
13:57 of 1st period - Shot by Jake Muzzin.
13:57 of 1st period - Shot Hit the Post.
14:01 of 1st period - Shot by Ryan Spooner.
14:01 of 1st period - Stopped by Marc-Andre Fleury without a rebound.
14:02 of 1st period - Tomas Plekanec wins face-off versus Joe Thornton in Panthers zone.
14:26 of 1st period - Icing by Tomas Plekanec.
14:27 of 1st period - David Perron wins face-off versus Tomas Plekanec in Bruins zone.
14:30 of 1st period - Shot by David Perron.
14:30 of 1st period - Stopped by Carey Price without a rebound.
14:31 of 1st period - Carl Soderberg wins face-off versus Logan Couture in Bruins zone.
14:33 of 1st period - Icing by Shea Weber.
14:34 of 1st period - Patrick Kane wins face-off versus Carl Soderberg in Bruins zone.
15:04 of 1st period - Melker Karlsson is hit by Jacob Trouba and loses puck.
16:01 of 1st period - Shot by Patrik Laine.
16:01 of 1st period - Stopped by Carey Price without a rebound.
16:02 of 1st period - Jori Lehtera wins face-off versus Andrew Ladd in Bruins zone.
16:09 of 1st period - Shot by Matthew Tkachuk.
16:09 of 1st period - Shot Misses the Net.
16:29 of 1st period - Shot by Patrice Bergeron.
16:29 of 1st period - Shot Misses the Net.
16:31 of 1st period - Shot by Jake Muzzin.
16:31 of 1st period - Shot Misses the Net.
16:33 of 1st period - Shot by Jake Muzzin.
16:33 of 1st period - Shot Misses the Net.
16:35 of 1st period - Shot by Jake Muzzin.
16:35 of 1st period - Shot Misses the Net.
16:37 of 1st period - Shot by Jake Muzzin.
16:37 of 1st period - Shot Blocked by Matthew Tkachuk.
16:39 of 1st period - Shot by Jake Muzzin.
16:39 of 1st period - Shot Misses the Net.
16:57 of 1st period - Shot by Tomas Plekanec.
16:57 of 1st period - Shot Misses the Net.
18:46 of 1st period - Shot by Corey Perry.
18:46 of 1st period - Stopped by Marc-Andre Fleury with a rebound.
18:48 of 1st period - Shot by Corey Perry.
18:48 of 1st period - Shot Blocked by Brooks Orpik.
18:50 of 1st period - Shot by Andrew Ladd.
18:50 of 1st period - Shot Blocked by Brooks Orpik.
18:52 of 1st period - Shot by Greg Pateryn.
18:52 of 1st period - Stopped by Marc-Andre Fleury without a rebound.
18:53 of 1st period - Tomas Plekanec wins face-off versus Logan Couture in Panthers zone.
19:00 of 1st period - Shot by Jake Guentzel.
19:00 of 1st period - Stopped by Marc-Andre Fleury without a rebound.
19:01 of 1st period - Patrice Bergeron wins face-off versus Logan Couture in Panthers zone.
19:20 of 1st period - Shot by Logan Couture.
19:20 of 1st period - Stopped by Carey Price without a rebound.
19:21 of 1st period - Joe Thornton wins face-off versus Tomas Plekanec in Bruins zone.
Goals for this period are 0 for Panthers vs 0 for Bruins.
Shots for this period are 8 for Panthers vs 11 for Bruins.

2nd period


0:01 of 2nd period - Patrice Bergeron wins face-off versus Logan Couture in neutral zone.
0:08 of 2nd period - Shea Weber is hit by Jacob Trouba and loses puck.
0:13 of 2nd period - Shot by Patrice Bergeron.
0:13 of 2nd period - Stopped by Marc-Andre Fleury without a rebound.
0:14 of 2nd period - Joe Thornton wins face-off versus Leon Draisaitl in Panthers zone.
0:25 of 2nd period - Shot by Blake Wheeler.
0:25 of 2nd period - Stopped by Carey Price with a rebound.
0:42 of 2nd period - Off-side.
0:43 of 2nd period - Logan Couture wins face-off versus Andrew Ladd in neutral zone.
1:13 of 2nd period - Shot by Nikolaj Ehlers.
1:13 of 2nd period - Stopped by Carey Price without a rebound.
1:14 of 2nd period - Tomas Plekanec wins face-off versus Joe Thornton in Bruins zone.
1:14 of 2nd period - Torey Krug is hit by Patrik Laine and loses puck.
1:23 of 2nd period - Shot by Blake Wheeler.
1:23 of 2nd period - Stopped by Carey Price without a rebound.
1:24 of 2nd period - Leon Draisaitl wins face-off versus Tanner Kero in Bruins zone.
1:40 of 2nd period - Icing by Justin Braun.
1:41 of 2nd period - Patrice Bergeron wins face-off versus Tanner Kero in Panthers zone.
3:24 of 2nd period - Icing by Tomas Plekanec.
3:25 of 2nd period - Blake Wheeler wins face-off versus Tomas Plekanec in Bruins zone.
3:34 of 2nd period - Shot by Joe Thornton.
3:34 of 2nd period - Stopped by Carey Price without a rebound.
3:35 of 2nd period - Joe Thornton wins face-off versus Carl Soderberg in Bruins zone.
3:44 of 2nd period - Shot by Patrik Laine.
3:44 of 2nd period - Stopped by Carey Price without a rebound.
3:45 of 2nd period - Jori Lehtera wins face-off versus Patrice Bergeron in Bruins zone.
4:32 of 2nd period - Shot by Joe Thornton.
4:32 of 2nd period - Stopped by Carey Price without a rebound.
4:33 of 2nd period - Leon Draisaitl wins face-off versus Logan Couture in Bruins zone.
4:43 of 2nd period - Icing by Jacob Trouba.
4:44 of 2nd period - Tomas Plekanec wins face-off versus Patrick Kane in Panthers zone.
4:44 of 2nd period - Tomas Plekanec is hit by Jacob Trouba.
4:49 of 2nd period - Minor Penalty to Jacob Trouba for Cross-checking.
4:50 of 2nd period - Jesper Fast wins face-off versus Leon Draisaitl in Panthers zone.
4:50 of 2nd period - Jesper Fast is hit by Brendan Gallagher.
5:06 of 2nd period - Shot by Shea Weber.
5:06 of 2nd period - Shot Misses the Net.
5:08 of 2nd period - Shot by Shea Weber.
5:08 of 2nd period - Stopped by Marc-Andre Fleury without a rebound.
5:09 of 2nd period - Tanner Kero wins face-off versus Patrice Bergeron in Panthers zone.
6:22 of 2nd period - Icing by Brendan Gallagher.
6:23 of 2nd period - Leon Draisaitl wins face-off versus Tanner Kero in Bruins zone.
6:46 of 2nd period - Shot by Brendan Gallagher.
6:46 of 2nd period - Stopped by Marc-Andre Fleury without a rebound.
6:47 of 2nd period - Logan Couture wins face-off versus Patrice Bergeron in Panthers zone.
9:15 of 2nd period - Shot by Leon Draisaitl.
9:15 of 2nd period - Goal by Leon Draisaitl - Panthers : 0 - Bruins : 1.
9:16 of 2nd period - Tanner Kero wins face-off versus Carl Soderberg in neutral zone.
10:20 of 2nd period - Shot by Leon Draisaitl.
10:20 of 2nd period - Stopped by Marc-Andre Fleury with a rebound.
11:21 of 2nd period - Shot by Logan Couture.
11:21 of 2nd period - Stopped by Carey Price without a rebound.
11:22 of 2nd period - Patrice Bergeron wins face-off versus Joe Thornton in Bruins zone.
11:33 of 2nd period - Shot by Blake Wheeler.
11:33 of 2nd period - Shot Misses the Net.
12:47 of 2nd period - Shot by Logan Couture.
12:47 of 2nd period - Shot Blocked by Ryan Spooner.
13:10 of 2nd period - Icing by Noah Hanifin.
13:11 of 2nd period - Jori Lehtera wins face-off versus Carl Soderberg in Bruins zone.
13:12 of 2nd period - Shot by Matthew Tkachuk.
13:12 of 2nd period - Deflect By David Perron.
13:12 of 2nd period - Stopped by Carey Price without a rebound.
13:13 of 2nd period - Jori Lehtera wins face-off versus Tomas Plekanec in Bruins zone.
13:22 of 2nd period - Shot by David Perron.
13:22 of 2nd period - Shot Misses the Net.
13:24 of 2nd period - Shot by Matthew Tkachuk.
13:24 of 2nd period - Stopped by Carey Price without a rebound.
13:25 of 2nd period - Patrice Bergeron wins face-off versus Joe Thornton in Bruins zone.
13:29 of 2nd period - Icing by Patrice Bergeron.
13:30 of 2nd period - Joe Thornton wins face-off versus Andrew Ladd in Bruins zone.
13:30 of 2nd period - Joe Thornton is hit by Torey Krug.
13:31 of 2nd period - Minor Penalty to Mark Streit for Roughing.
13:32 of 2nd period - Logan Couture wins face-off versus Patrice Bergeron in Bruins zone.
13:49 of 2nd period - Shot by Patrik Laine.
13:49 of 2nd period - Shot Misses the Net.
14:03 of 2nd period - Shot by Patrik Laine.
14:03 of 2nd period - Stopped by Carey Price without a rebound.
14:04 of 2nd period - Blake Wheeler wins face-off versus Patrice Bergeron in Bruins zone.
14:05 of 2nd period - Shot by Joe Thornton.
14:05 of 2nd period - Shot Misses the Net.
14:07 of 2nd period - Shot by Brian Campbell.
14:07 of 2nd period - Shot Blocked by Greg Pateryn.
14:09 of 2nd period - Shot by Justin Braun.
14:09 of 2nd period - Stopped by Carey Price without a rebound.
14:10 of 2nd period - Patrice Bergeron wins face-off versus Joe Thornton in Bruins zone.
14:37 of 2nd period - Shot by Blake Wheeler.
14:37 of 2nd period - Shot Misses the Net.
14:39 of 2nd period - Shot by Joe Thornton.
14:39 of 2nd period - Shot Misses the Net.
15:14 of 2nd period - Off-side.
15:15 of 2nd period - Logan Couture wins face-off versus Corey Perry in neutral zone.
15:15 of 2nd period - Logan Couture is hit by Tomas Plekanec.
15:24 of 2nd period - Icing by Patrik Laine.
15:25 of 2nd period - Logan Couture wins face-off versus Corey Perry in Panthers zone.
15:40 of 2nd period - Shot by David Perron.
15:40 of 2nd period - Shot Misses the Net.
15:56 of 2nd period - Shot by Kevin Fiala.
15:56 of 2nd period - Stopped by Marc-Andre Fleury with a rebound.
15:58 of 2nd period - Shot by Jake Muzzin.
15:58 of 2nd period - Shot Blocked by David Perron.
16:44 of 2nd period - Shot by Jake Guentzel.
16:44 of 2nd period - Shot Misses the Net.
16:48 of 2nd period - Shot by Tomas Plekanec.
16:48 of 2nd period - Shot Misses the Net.
17:00 of 2nd period - Corey Perry is hit by David Perron and loses puck.
17:08 of 2nd period - Off-side.
17:09 of 2nd period - Logan Couture wins face-off versus Leon Draisaitl in neutral zone.
17:57 of 2nd period - Jake Muzzin is hit by Logan Couture.
19:01 of 2nd period - Shot by Mikkel Boedker.
19:01 of 2nd period - Stopped by Carey Price without a rebound.
19:02 of 2nd period - Tanner Kero wins face-off versus Patrice Bergeron in Bruins zone.
Goals for this period are 0 for Panthers vs 1 for Bruins.
Shots for this period are 12 for Panthers vs 6 for Bruins.

3rd period


0:01 of 3rd period - Patrice Bergeron wins face-off versus Logan Couture in neutral zone.
0:08 of 3rd period - Shot by Patrice Bergeron.
0:08 of 3rd period - Shot Misses the Net.
0:24 of 3rd period - Shot by Andrew Ladd.
0:24 of 3rd period - Stopped by Marc-Andre Fleury with a rebound.
0:26 of 3rd period - Shot by Jake Muzzin.
0:26 of 3rd period - Shot Misses the Net.
0:30 of 3rd period - Shot by Patrice Bergeron.
0:30 of 3rd period - Shot Misses the Net.
0:32 of 3rd period - Shot by Andrew Ladd.
0:32 of 3rd period - Goal by Andrew Ladd - Panthers : 0 - Bruins : 2.
0:33 of 3rd period - Joe Thornton wins face-off versus Leon Draisaitl in neutral zone.
1:02 of 3rd period - Shot by Patrik Laine.
1:02 of 3rd period - Shot Misses the Net.
1:23 of 3rd period - Icing by Torey Krug.
1:24 of 3rd period - Nikolaj Ehlers wins face-off versus Ryan Spooner in Bruins zone.
1:33 of 3rd period - Shot by Patrick Kane.
1:33 of 3rd period - Shot Misses the Net.
1:44 of 3rd period - Patrick Kane is hit by Torey Krug.
2:10 of 3rd period - Icing by Jake Muzzin.
2:11 of 3rd period - Patrice Bergeron wins face-off versus Jori Lehtera in Bruins zone.
2:30 of 3rd period - Icing by Shea Weber.
2:31 of 3rd period - Patrice Bergeron wins face-off versus Joe Thornton in Bruins zone.
2:36 of 3rd period - Shot by Patrice Bergeron.
2:36 of 3rd period - Shot Misses the Net.
3:09 of 3rd period - Icing by Jacob Trouba.
3:10 of 3rd period - Joe Thornton wins face-off versus Jake Guentzel in Panthers zone.
3:10 of 3rd period - Joe Thornton is hit by Greg Pateryn.
3:13 of 3rd period - Icing by Blake Wheeler.
3:14 of 3rd period - Tomas Plekanec wins face-off versus Joe Thornton in Panthers zone.
3:47 of 3rd period - Shot by Jake Guentzel.
3:47 of 3rd period - Stopped by Marc-Andre Fleury without a rebound.
3:48 of 3rd period - Carl Soderberg wins face-off versus Nikolaj Ehlers in Panthers zone.
4:45 of 3rd period - Shot by Torey Krug.
4:45 of 3rd period - Shot Blocked by Brian Campbell.
4:54 of 3rd period - Andrew Ladd is hit by Brooks Orpik and loses puck.
5:14 of 3rd period - Brian Campbell is hit by Torey Krug and loses puck.
5:35 of 3rd period - Noah Hanifin is hit by Jori Lehtera and loses puck.
5:42 of 3rd period - Shot by Brendan Gallagher.
5:42 of 3rd period - Stopped by Marc-Andre Fleury without a rebound.
5:43 of 3rd period - Joe Thornton wins face-off versus Tomas Plekanec in Panthers zone.
6:02 of 3rd period - Shot by Blake Wheeler.
6:02 of 3rd period - Deflect By Patrik Laine.
6:02 of 3rd period - Shot Misses the Net.
6:12 of 3rd period - Shot by Patrik Laine.
6:12 of 3rd period - Stopped by Carey Price with a rebound.
6:16 of 3rd period - Shot by Patrik Laine.
6:16 of 3rd period - Shot Blocked by Shea Weber.
6:18 of 3rd period - Shot by Jacob Trouba.
6:18 of 3rd period - Shot Blocked by Connor Brown.
6:20 of 3rd period - Shot by Patrik Laine.
6:20 of 3rd period - Stopped by Carey Price without a rebound.
6:21 of 3rd period - Logan Couture wins face-off versus Leon Draisaitl in Bruins zone.
6:33 of 3rd period - Patrick Kane is hit by Greg Pateryn.
6:37 of 3rd period - Shot by Logan Couture.
6:37 of 3rd period - Stopped by Carey Price without a rebound.
6:38 of 3rd period - Tanner Kero wins face-off versus Patrice Bergeron in Bruins zone.
7:38 of 3rd period - Logan Couture is hit by Shea Weber and loses puck.
7:59 of 3rd period - Shot by Leon Draisaitl.
7:59 of 3rd period - Shot Blocked by Jacob Trouba.
8:06 of 3rd period - Icing by Nikolaj Ehlers.
8:07 of 3rd period - Logan Couture wins face-off versus Tomas Plekanec in Panthers zone.
8:26 of 3rd period - Minor Penalty to Blake Wheeler for Hooking.
8:27 of 3rd period - Patrice Bergeron wins face-off versus Tanner Kero in Panthers zone.
8:27 of 3rd period - Patrice Bergeron is hit by Justin Braun.
8:29 of 3rd period - Shot by Shea Weber.
8:29 of 3rd period - Deflect By Corey Perry.
8:29 of 3rd period - Shot Blocked by Danny DeKeyser.
8:31 of 3rd period - Shot by Shea Weber.
8:31 of 3rd period - Stopped by Marc-Andre Fleury without a rebound.
8:32 of 3rd period - Tanner Kero wins face-off versus Patrice Bergeron in Panthers zone.
8:42 of 3rd period - Off-side.
8:43 of 3rd period - Tanner Kero wins face-off versus Brendan Gallagher in neutral zone.
10:12 of 3rd period - Shot by Corey Perry.
10:12 of 3rd period - Stopped by Marc-Andre Fleury with a rebound.
10:14 of 3rd period - Shot by Andrew Ladd.
10:14 of 3rd period - Shot Misses the Net.
10:44 of 3rd period - Shot by Jake Guentzel.
10:44 of 3rd period - Stopped by Marc-Andre Fleury without a rebound.
10:45 of 3rd period - Logan Couture wins face-off versus Carl Soderberg in Panthers zone.
11:07 of 3rd period - Icing by Carl Soderberg.
11:08 of 3rd period - Joe Thornton wins face-off versus Kevin Fiala in Bruins zone.
11:49 of 3rd period - Shot by Andrew Ladd.
11:49 of 3rd period - Shot Misses the Net.
12:19 of 3rd period - Jori Lehtera is hit by Torey Krug and loses puck.
14:39 of 3rd period - Shot by Melker Karlsson.
14:39 of 3rd period - Stopped by Marc-Andre Fleury without a rebound.
14:40 of 3rd period - Carl Soderberg wins face-off versus Jori Lehtera in Panthers zone.
14:43 of 3rd period - Shot by Melker Karlsson.
14:43 of 3rd period - Shot Misses the Net.
14:47 of 3rd period - Shot by Kevin Fiala.
14:47 of 3rd period - Shot Misses the Net.
14:49 of 3rd period - Shot by Carl Soderberg.
14:49 of 3rd period - Shot Misses the Net.
15:29 of 3rd period - Leon Draisaitl is hit by Justin Braun.
15:40 of 3rd period - Shot by Danny DeKeyser.
15:40 of 3rd period - Stopped by Carey Price without a rebound.
15:41 of 3rd period - Tomas Plekanec wins face-off versus Joe Thornton in Bruins zone.
16:09 of 3rd period - Tomas Plekanec is hit by Brooks Orpik and loses puck.
16:16 of 3rd period - Shot by Tomas Plekanec.
16:16 of 3rd period - Shot Misses the Net.
17:11 of 3rd period - Brian Campbell is hit by Leon Draisaitl and loses puck.
17:50 of 3rd period - Shot by Logan Couture.
17:50 of 3rd period - Shot Blocked by Mark Streit.
17:52 of 3rd period - Shot by Justin Braun.
17:52 of 3rd period - Shot Misses the Net.
17:57 of 3rd period - Patrick Kane is hit by Mark Streit and loses puck.
18:04 of 3rd period - Shot by Logan Couture.
18:04 of 3rd period - Shot Blocked by Mark Streit.
19:02 of 3rd period - Minor Penalty to Jacob Trouba for Hooking.
19:03 of 3rd period - Tanner Kero wins face-off versus Corey Perry in Panthers zone.
19:03 of 3rd period - Jesper Fast is hit by Andrew Ladd and loses puck.
19:14 of 3rd period - Shot by Shea Weber.
19:14 of 3rd period - Stopped by Marc-Andre Fleury without a rebound.
19:15 of 3rd period - Leon Draisaitl wins face-off versus Tanner Kero in Panthers zone.
19:28 of 3rd period - Shea Weber is hit by Jesper Fast and loses puck.
19:52 of 3rd period - Shot by Shea Weber.
19:52 of 3rd period - Shot Misses the Net.
Goals for this period are 0 for Panthers vs 1 for Bruins.
Shots for this period are 4 for Panthers vs 9 for Bruins.